General information
- name: grudge02
- type: Custom game
- host: fineX.
- saver: fineX.
map: TwistedMeadows
- players: 6
- length: 06:35
- speed: Fast
- version: 1.21 W3XP
- replay type: Public
» download(25 KB)
Players
team 1 (loser)
erz (
purple | 134 APM | 886 actions | 06:35)
1 Far Seer
1 Feral Spirit
1 Firelord
1 Summon Lava Spawn
» actions
| Assign group hotkey | 281 | |
| Basic commands | 34 | |
| Build / train | 29 | |
| ESC pressed | 3 | |
| Enter build submenu | 15 | |
| Enter hero's abilities submenu | 2 | |
| Right click | 316 | |
| Select / deselect | 73 | |
| Select group hotkey | 100 | |
| Use ability | 33 | |
886 total
» units
» buildings
| Altar of Storms | 1 | |
| Orc Burrow | 3 | |
| War Mill | 1 | |
| Stronghold | 6 | |
| Barracks | 1 | |
| Voodoo Lounge | 1 | |
| Watch Tower | 8 | |
21 total
» build order
00:06 Altar of Storms
00:17 Orc Burrow
01:03 War Mill
02:00 Stronghold
02:00 Stronghold
02:01 Stronghold
02:01 Stronghold
02:22 Barracks
02:31 Orc Burrow
02:43 Voodoo Lounge
04:24 Orc Burrow
05:08 Watch Tower
05:08 Watch Tower
05:09 Watch Tower
05:40 Watch Tower
05:47 Watch Tower
06:02 Watch Tower
06:33 Watch Tower
06:35 Watch Tower
» items
team 2 (winner)
green-t (
red | 90 APM | 595 actions | 06:34)
2 Blademaster
1 Wind Walk
1 Critical Strike
» actions
| Assign group hotkey | 10 | |
| Build / train | 29 | |
| ESC pressed | 1 | |
| Enter build submenu | 15 | |
| Enter hero's abilities submenu | 2 | |
| Right click | 327 | |
| Select / deselect | 159 | |
| Select group hotkey | 16 | |
| Use ability | 36 | |
595 total
» units
» buildings
| Altar of Storms | 1 | |
| Orc Burrow | 3 | |
| Barracks | 1 | |
| Stronghold | 3 | |
| Voodoo Lounge | 2 | |
| War Mill | 1 | |
| Watch Tower | 4 | |
15 total
» build order
00:07 Altar of Storms
00:19 Orc Burrow
00:38 Barracks
01:39 Orc Burrow
02:52 Stronghold
02:53 Stronghold
03:05 Voodoo Lounge
03:39 War Mill
04:11 Voodoo Lounge
04:15 Orc Burrow
05:16 Watch Tower
05:18 Watch Tower
05:19 Watch Tower
05:35 Watch Tower
» items
refereesfineX.,
greedoFthenoob,
butts_lol,
OMGGOONRUSH Chat log
(00:04 / Referees) fineX.: -di
(00:05 / Referees) fineX.: -apem
(00:13 / All) greedoFthenoob: This Orc vs Orc game brought to you by www.highper.ch
(00:50 / Referees) greedoFthenoob: i feel bad for the peons
(00:53 / Referees) greedoFthenoob: all they do is work
(01:01 / Referees) fineX.: they wear bikini bottoms
(01:04 / Referees) fineX.: life is not all bad
(01:22 / Referees) greedoFthenoob: are those green trousers or what
(01:31 / Referees) OMGGOONRUSH: nope
(01:32 / Referees) greedoFthenoob: successful scout
(01:34 / Referees) fineX.: its called skin racist
(01:38 / Referees) OMGGOONRUSH: bare skin
(01:51 / Referees) greedoFthenoob: where are their pants
(01:53 / Referees) OMGGOONRUSH: i think those are loinclothes
(02:09 / Referees) OMGGOONRUSH: or leather underwear
(02:09 / Referees) greedoFthenoob: techer
(02:32 / Referees) fineX.: im going to have 0 apm this game
(02:33 / Referees) greedoFthenoob: i dont get it
(02:34 / Referees) fineX.: not clicking anything
(02:38 / Referees) greedoFthenoob: farseer cant harass orc
(03:00 / Referees) greedoFthenoob: fresh wolves psl
(03:42 / Referees) greedoFthenoob: you shold get experience for tower kills imo
(03:50 / Referees) OMGGOONRUSH: you do
(03:59 / Referees) greedoFthenoob: kills made by a tower
(04:01 / Referees) greedoFthenoob: not killing a tower
(04:04 / Referees) fineX.: itd be imba i think
(04:05 / Referees) OMGGOONRUSH: oh nvm
(04:09 / Referees) fineX.: in towe games wed all have lvl 10 heroes
(04:23 / Referees) OMGGOONRUSH: it used give xp for that
(04:28 / Referees) greedoFthenoob: then you sould build a farm
(04:31 / Referees) greedoFthenoob: near your towers
(04:35 / Referees) greedoFthenoob: and then attack the farm
(04:38 / Referees) greedoFthenoob: just as the unit is about to die
(04:39 / Referees) greedoFthenoob: same thing
(04:41 / Referees) OMGGOONRUSH: but it changes in one of the first few patches
(04:50 / Referees) greedoFthenoob: people used to tower creeps that's why
(04:58 / Referees) greedoFthenoob: the dragons on plunder isle etc
(05:01 / Referees) OMGGOONRUSH: or just hit stop repeatedly
(05:02 / Referees) fineX.: more offensive towering from erz
(05:06 / Referees) fineX.: ya last hit units
(05:07 / Referees) greedoFthenoob: you cant hit S can you
(05:07 / Referees) fineX.: like dota
(05:10 / Referees) fineX.: yes u can
(05:20 / Referees) fineX.: its v. hard tho
(05:34 / Referees) fineX.: i usually just shockwave as its about to die or lure once and finish creeps with hero
(06:01 / Referees) OMGGOONRUSH: green is fucked
(06:16 / Referees) fineX.: erz sure likes his towers
(06:19 / All) green-t: lol
(06:19 / All) green-t: gg
(06:23 / All) erz: gg
(06:23 / All) greedoFthenoob: play another
(06:28 / All) greedoFthenoob: dont give up
(06:31 / All) greedoFthenoob: : (